 Dungeon Crawl Stone Soup version 0.30-a0-279-g4b46babb21 (webtiles) character file.

Game seed: 8223528810819757830

102823 Charly the Severer (level 15, -2/144 HPs)
             Began as a Minotaur Gladiator on Oct 16, 2022.
             Was the Champion of Okawaru.
             Hit by a large rock thrown by a cyclops (28 damage)
             ... on level 2 of the Orcish Mines.
             The game lasted 00:38:20 (22433 turns).

Charly the Severer (Minotaur Gladiator)            Turns: 22433, Time: 00:38:21

Health: -2/144     AC: 18    Str: 25    XL:     15   Next: 87%
Magic:  21/23      EV: 26    Int:  5    God:    Okawaru [******]
Gold:   1701       SH:  0    Dex: 24    Spells: 14/14 levels left

rFire   + . .      SeeInvis +    a - +8 battleaxe of the People {vorpal, Fragile Dex+5 SInv}
rCold   . . .      Faith    +    (shield currently unavailable)
rNeg    . . .      Spirit   .    H - +0 steam dragon scales
rPois   .          Reflect  .    W - +2 hat of Fortification {rElec rF+}
rElec   +          Harm     .    g - +0 cloak
rCorr   .          Rampage  .    u - +2 pair of gloves
Will    +....                    T - +2 pair of boots {Fly}
Stlth   ++........               C - amulet of faith
HPRegen 0.44/turn                y - +6 ring of dexterity
MPRegen 0.18/turn                v - +4 ring of evasion

@: finesse-ful, flying, studying 2 skills
A: horns 2, retaliatory headbutt
a: Renounce Religion, Heroism, Finesse, Duel


You were on level 2 of the Orcish Mines.
You worshipped Okawaru.
Okawaru was exalted by your worship.
You visited 4 branches of the dungeon, and saw 23 of its levels.
You also visited: Sewer, Ossuary and Ice Cave.

You collected 2279 gold pieces.
You spent 578 gold pieces at shops.

Inventory:

Hand Weapons
 a - the +8 battleaxe of the People (weapon) {vorpal, Fragile Dex+5 SInv}
   (Okawaru gifted it to you on level 14 of the Dungeon)

   It inflicts extra damage upon your enemies.
   Dex:       It affects your dexterity (+5).
   SInv:      It lets you see invisible.
   Fragile:   It will be destroyed if unequipped.
 b - a +4 vampiric battleaxe
 X - a +2 demon whip of freezing
Missiles
 d - a throwing net
 e - 4 javelins
 L - 6 silver javelins
Armour
 g - a +0 cloak (worn)
 u - a +2 pair of gloves (worn)
 H - +0 steam dragon scales (worn)
 T - a +2 pair of boots of flying (worn)
 W - the +2 hat of Fortification (worn) {rElec rF+}
   (Okawaru gifted it to you on level 5 of the Lair of Beasts)

   rF:        It protects you from fire.
   rElec:     It insulates you from electricity.
Jewellery
 f - a ring of protection from fire
 p - the ring "Tokkoad" {rPois rC+ Will+ rCorr Dex-5}
   (You acquired it on level 1 of the Lair of Beasts)

   [ring of resist corrosion]

   Dex:       It affects your dexterity (-5).
   rC:        It protects you from cold.
   rPois:     It protects you from poison.
   rCorr:     It protects you from acid and corrosion.
   Will:      It increases your willpower.
 v - a +4 ring of evasion (right hand)
 y - a +6 ring of dexterity (left hand)
 C - an amulet of faith (around neck)
 S - a +6 ring of dexterity
Wands
 c - a wand of light (9)
 B - a wand of iceblast (15)
 I - a wand of digging (18)
 J - a wand of mindburst (17)
 P - a wand of flame (23) (quivered)
Scrolls
 l - a scroll of immolation
 o - 8 scrolls of blinking
 q - 7 scrolls of poison
 s - 4 scrolls of fear
 x - 7 scrolls of teleportation
 K - 6 scrolls of silence
 M - a scroll of brand weapon
 O - 3 scrolls of vulnerability
 Q - 2 scrolls of torment
 R - 2 scrolls of magic mapping
 V - 2 scrolls of enchant armour
Potions
 h - 18 potions of curing
 i - 2 potions of lignification
 j - 8 potions of flight
 k - 3 potions of cancellation
 m - 7 potions of heal wounds
 n - 6 potions of mutation
 r - 3 potions of haste
 t - 4 potions of brilliance
 w - 5 potions of magic
 z - 6 potions of might
 A - 2 potions of berserk rage
 E - a potion of attraction
 F - 2 potions of ambrosia
 N - a potion of invisibility
 U - 2 potions of resistance
Miscellaneous
 G - a lightning rod (4/4)


   Skills:
 + Level 16.3 Fighting
 - Level 20.0 Axes
 - Level 2.0 Throwing
 + Level 11.6 Armour
 + Level 11.3 Dodging
 + Level 12.7 Invocations
 - Level 5.0 Evocations


You had 14 spell levels left.
You didn't know any spells.
Your spell library contained the following spells:

 Spells                   Type           Power      Damage    Failure   Level
 Apportation              Tloc           0%         N/A       47%         1
 Beastly Appendage        Tmut           0%         N/A       47%         1
 Magic Dart               Conj           0%         1d3       47%         1
 Necrotise                Necr           0%         1d4       47%         1
 Searing Ray              Conj           0%         2d4       63%         2
 Sublimation of Blood     Necr           0%         N/A       63%         2
 Wereblood                Tmut           0%         N/A       63%         2
 Gell's Gravitas          Tloc           0%         N/A       85%         3
 Ignite Poison            Fire/Tmut/Pois 0%         N/A       85%         3
 Kindle Blastsparks       Fire/Tloc/Air  0%         2d10      85%         3
 Portal Projectile        Hex/Tloc       0%         N/A       85%         3
 Spider Form              Tmut/Pois      0%         N/A       85%         3
 Teleport Other           Tloc           0%         N/A       85%         3
 Fulminant Prism          Conj/Hex       0%         3d6       99%         4
 Leda's Liquefaction      Hex/Erth       0%         N/A       99%         4
 Petrify                  Tmut/Erth      0%         N/A       99%         4
 Sticky Flame             Conj/Fire      0%         2d3       99%         4
 Alistair's Intoxication  Tmut/Pois      0%         N/A       100%        5
 Blade Hands              Tmut           0%         N/A       100%        5
 Freezing Cloud           Conj/Ice/Air   0%         6-21      100%        5
 Irradiate                Conj/Tmut      0%         3d11      100%        5
 Lee's Rapid Deconstruct  Erth           0%         3d5*      100%        5
 Dispersal                Tloc           0%         N/A       100%        6
 Statue Form              Tmut/Erth      0%         N/A       100%        6
 Ignition                 Fire           0%         3d3       100%        8
 Summon Small Mammal      Summ           Unusable   N/A       N/A         1
 Tukima's Dance           Hex            Unusable   N/A       N/A         3

Dungeon Overview and Level Annotations

Branches:
Dungeon (15/15)            Temple (1/1) D:4            Lair (5/5) D:11
 Shoals (0/4) Lair:2        Snake (0/4) Lair:2        Slime (0/5) Lair:5
    Orc (1/2) D:11         Vaults (0/5) D:14         Depths (0/4) D:15
  Sewer (visited)         Ossuary (visited)           IceCv (visited)

Altars:
Ashenzari
Cheibriados
Dithmenos
Elyvilon
Fedhas
Gozag
Hepliaklqana
Kikubaaqudgha
Nemelex Xobeh
Okawaru
Ru
Sif Muna
Trog
Uskayaw
Vehumet
Xom
Zin
The Shining One
Jiyva

Shops:
D:5 *   D:7 *   D:12 *   Orc:2 [*


Innate Abilities, Weirdness & Mutations

You have a pair of horns on your head.
You reflexively headbutt those who attack you in melee.


Message History

The deep troll looks frightened!
The ogre looks frightened! x2
The two-headed ogre looks frightened!
The ogre mage looks frightened!
The two-headed ogre looks frightened! x2; The ogre looks frightened! x2
The orc looks frightened!
The orc priest looks frightened! x2
The troll looks frightened!
The orc warrior looks frightened!
The orc looks frightened! x2; The warg looks frightened!
The cyclops seems to regain its courage.
The orc priest no longer looks unusually strong.
An orc comes into view. It is wielding a +0 dagger.
The ogre mage gestures wildly while chanting.
The ogre mage flickers and vanishes for a moment.
The troll screams, "Help!"
As you read the scroll of teleportation, it crumbles to dust.
You feel strangely unstable.
The ogre seems to regain its courage.
The deep troll cowers, then darts away.
The orc knight shouts!
The orc no longer looks unusually strong.
The ogre starts to cry.
The orc knight roars a battlecry!
The orcs go into a battle-frenzy!
You slice the ogre!! You headbutt the ogre!
You kill the ogre!
Okawaru accepts your kill.
The orc priest no longer looks unusually strong.
The cyclops throws a large rock.
The large rock hits you!!
* * * LOW HITPOINT WARNING * * *
Your surroundings suddenly seem different.
Found 22 gold pieces.
As you read the scroll of fear, it crumbles to dust.
You assume a fearsome visage.
The troll easily resists.
The ogre looks frightened!
The two-headed ogre looks frightened!
The troll looks frightened!
The ogre looks frightened!
The troll looks frightened!
The cyclops looks frightened!
You feel much better.
The two-headed ogre hits you with a +0 dire flail!
* * * LOW HITPOINT WARNING * * *
The two-headed ogre hits you with a +0 giant spiked club!
* * * LOW HITPOINT WARNING * * *
The cyclops throws a large rock.
The large rock hits you!!
You die...

................
..C......OC...O...
.....T...∩........
..................
....∩..o..........
.............#..##
.................
..............T.o
#..O@$.....$
####)..#....
##[)).#.$..
##.)T....O..
##..)..#.....
#.O))..##O...
##..O.## #..#
#...### ### ##.##


You could see 2 two-headed ogres, 2 cyclopes, 3 trolls, 4 ogres and an orc
(fleeing).

Vanquished Creatures
  A stone giant (D:15)
  A fire dragon (Lair:5)
  3 hydras
  8 vault guards (D:14)
  A death knight (D:15)
  3 ogre magi
  2 ironbound frosthearts (IceCv)
  4 boulder beetles
  5 centaur warriors
  Erica (D:11)
  15 death yaks
  17 two-headed ogres
  3 slime creatures (D:13)
  6 skeletal warriors (D:13)
  A deep troll (Orc:2)
  A lindwurm (Lair:5)
  4 deep elf pyromancers
  5 cyclopes
  14 ugly things
  3 elephants (Lair:5)
  Maurice (D:8)
  4 centaur zombies (D:13)
  2 molten gargoyles (Lair:5)
  9 black mambas
  An ice statue (IceCv)
  2 torpor snails
  An unseen horror (D:13)
  2 gargoyles
  6 rime drakes
  12 cane toads
  An efreet (D:15)
  2 freezing wraiths (D:15)
  13 komodo dragons
  10 trolls
  14 polar bears
  18 blink frogs
  2 dream sheep (Lair:4)
  8 shadows
  Sigmund (D:5)
  4 wraiths
  2 vampires (D:13)
  59 yaks
  7 wyverns
  7 basilisks
  3 steam dragons
  9 vampire mosquitoes
  Menkaure (D:7)
  4 nagas (Lair:2)
  5 hell hounds (Lair:5)
  2 acid dragons
  19 water moccasins
  7 orc warriors
  A sky beast (D:6)
  Pargi (Sewer)
  5 black bears
  2 ice beasts (D:6)
  7 ogres
  8 centaurs
  33 wolves
  3 boggarts (D:14)
  A kobold brigand (D:7)
  Blork the orc (D:6)
  16 bullfrogs
  A necrophage (D:6)
  A scorpion (D:5)
  9 wights
  An elephant simulacrum (D:12)
  10 killer bees (D:9)
  3 howler monkeys
  5 electric eels
  5 lava snakes (Lair:5)
  2 hounds
  17 orc priests
  A jelly (D:6)
  A boggart zombie (D:13)
  3 iguanas
  18 orc wizards
  A troll simulacrum (D:12)
  9 hell rats
  2 spriggan simulacra (D:12)
  2 polar bear simulacra (D:12)
  A wolf simulacrum (D:12)
  8 mummies (Ossuary)
  5 gnolls
  9 adders
  A naga simulacrum (D:12)
  A shadow imp (D:4)
  A white imp (D:8)
  5 ufetubi
  4 dart slugs
  40 orcs
  9 endoplasms
  9 giant cockroaches
  3 gnoll zombies (Ossuary)
  6 goblins
  8 hobgoblins
  8 jackals
  3 kobolds
  8 quokkas
  13 ball pythons
  5 bats
  A hobgoblin zombie (Ossuary)
  3 kobold zombies (Ossuary)
  An orc zombie (Ossuary)
  9 rats
666 creatures vanquished.

Vanquished Creatures (others)
  A black bear (D:8)
  An orc wizard (D:7)
  2 demonic plants (D:4)
  24 fungi
  77 plants
  5 withered plants (D:13)
110 creatures vanquished.

Grand Total: 776 creatures vanquished

Notes
Turn   | Place    | Note
-------+----------+-------------------------------------------
     0 | D:1      | Charly the Minotaur Gladiator began the quest for the Orb.
     0 | D:1      | Reached XP level 1. HP: 18/18 MP: 0/0
    73 | D:1      | Reached skill level 4 in Axes
    73 | D:1      | Reached XP level 2. HP: 25/25 MP: 1/1
   683 | D:2      | Reached XP level 3. HP: 25/31 MP: 2/2
   835 | D:2      | Reached XP level 4. HP: 36/40 MP: 3/3
   846 | D:2      | Reached skill level 5 in Axes
  1660 | D:3      | Reached XP level 5. HP: 47/47 MP: 4/4
  1952 | D:4      | Found a staircase to the Ecumenical Temple.
  1959 | Temple   | Entered the Ecumenical Temple
  1965 | Temple   | Became a worshipper of Warmaster Okawaru
  2018 | D:4      | Reached skill level 5 in Fighting
  2058 | D:4      | Found a sand-covered staircase.
  2063 | Ossuary  | Entered an ossuary
  2075 | Ossuary  | Reached skill level 6 in Axes
  2230 | Ossuary  | Reached XP level 6. HP: 53/57 MP: 5/5
  2442 | D:4      | Found a sacrificial altar of Ru.
  2844 | D:5      | Entered Level 5 of the Dungeon
  2892 | D:5      | Noticed Sigmund
  2986 | D:5      | Found a glowing drain.
  2991 | D:5      | Reached * piety under Okawaru
  2995 | Sewer    | Entered a sewer
  3047 | Sewer    | Noticed Pargi
  3052 | Sewer    | Killed Pargi
  3053 | Sewer    | Reached skill level 7 in Axes
  3118 | D:5      | Reached skill level 1 in Invocations
  3127 | D:5      | Noticed a water moccasin
  3133 | D:5      | Reached skill level 1 in Evocations
  3133 | D:5      | Reached XP level 7. HP: 64/64 MP: 3/6
  3135 | D:5      | Reached ** piety under Okawaru
  3536 | D:5      | Found Sikhiq's General Store.
  3547 | D:5      | Bought a potion of lignification for 42 gold pieces
  3547 | D:5      | Bought a potion of invisibility for 112 gold pieces
  3547 | D:5      | Bought a potion of mutation for 112 gold pieces
  3693 | D:5      | Found a sparkling altar of Nemelex Xobeh.
  3696 | D:5      | Found an ancient bone altar of Kikubaaqudgha.
  3699 | D:5      | Found a hide-covered altar of Uskayaw.
  4012 | D:5      | Killed Sigmund
  4013 | D:5      | Reached skill level 8 in Axes
  4013 | D:5      | Reached XP level 8. HP: 73/73 MP: 6/9
  4023 | D:6      | Reached *** piety under Okawaru
  4400 | D:6      | Reached skill level 9 in Axes
  4400 | D:6      | Found a bloodstained altar of Trog.
  4644 | D:6      | Found a white marble altar of Elyvilon.
  4675 | D:6      | Reached **** piety under Okawaru
  4797 | D:6      | Noticed Blork the orc
  4805 | D:6      | Killed Blork the orc
  4946 | D:7      | Reached XP level 9. HP: 81/81 MP: 11/11
  4953 | D:7      | Noticed a troll
  4964 | D:7      | Killed a troll
  4965 | D:7      | Reached skill level 10 in Axes
  5239 | D:7      | Noticed Menkaure
  5262 | D:7      | Killed Menkaure
  5412 | D:7      | Found Ytriuwo's Elemental Accessories.
  5537 | D:7      | Reached skill level 5 in Invocations
  5591 | D:7      | Found Quemnut's General Store.
  5711 | D:7      | Reached ***** piety under Okawaru
  5974 | D:7      | Found a glowing silver altar of Zin.
  6099 | D:7      | Reached skill level 11 in Axes
  6447 | D:8      | Reached skill level 5 in Evocations
  6888 | D:8      | Received a gift from Okawaru
  7015 | D:8      | Found a shadowy altar of Dithmenos.
  7016 | D:8      | Found a hazy altar of Hepliaklqana.
  7060 | D:8      | Noticed Maurice
  7066 | D:8      | Killed Maurice
  7067 | D:8      | Reached XP level 10. HP: 80/91 MP: 9/13
  7478 | D:9      | Noticed a two-headed ogre
  7489 | D:9      | Killed a two-headed ogre
  7489 | D:9      | Received a gift from Okawaru
  7490 | D:9      | Reached skill level 12 in Axes
  7513 | D:9      | Found a blossoming altar of Fedhas.
  7579 | D:9      | Reached skill level 10 in Fighting
  7585 | D:9      | Noticed a two-headed ogre
  7595 | D:9      | Killed a two-headed ogre
  7694 | D:9      | Reached skill level 13 in Axes
  8326 | D:10     | Entered Level 10 of the Dungeon
  8777 | D:10     | Reached ****** piety under Okawaru
  8786 | D:10     | Identified the +1 animal skin of Hedging {Will- Regen+
                  | Str+3 Stlth+} (Okawaru gifted it to you on level 10 of the
                  | Dungeon)
  8786 | D:10     | Received a gift from Okawaru
  9057 | D:10     | Noticed a two-headed ogre
  9066 | D:10     | Killed a two-headed ogre
  9067 | D:10     | Reached XP level 11. HP: 102/102 MP: 15/15
  9298 | D:11     | Reached skill level 14 in Axes
  9367 | D:11     | You fall into a shaft and drop 2 floors!
  9378 | D:13     | Noticed a skeletal warrior
  9388 | D:13     | Noticed a skeletal warrior
  9401 | D:13     | Killed a skeletal warrior
  9406 | D:13     | Noticed a skeletal warrior
  9415 | D:13     | Killed a skeletal warrior
  9436 | D:13     | Killed a skeletal warrior
  9598 | D:13     | Noticed a white ugly thing
  9618 | D:13     | Noticed a two-headed ogre
  9718 | D:13     | Reached skill level 15 in Axes
  9918 | D:12     | Found Omaeh's Assorted Antiques.
  9923 | D:12     | Bought a potion of curing for 78 gold pieces
  9923 | D:12     | Bought a potion of heal wounds for 130 gold pieces
  9923 | D:12     | Bought a bone wand for 104 gold pieces
  9973 | D:12     | Noticed a two-headed ogre
 10036 | D:12     | Received a gift from Okawaru
 10037 | D:12     | Reached skill level 1 in Armour
 10037 | D:12     | Found a frozen archway.
 10069 | IceCv    | Entered an ice cave
 10282 | IceCv    | Reached XP level 12. HP: 105/112 MP: 17/17
 10401 | IceCv    | Received a gift from Okawaru
 10697 | IceCv    | Reached skill level 16 in Axes
 10699 | IceCv    | Reached skill level 5 in Dodging
 10829 | IceCv    | Noticed a death yak
 10831 | IceCv    | Noticed a death yak
 10836 | IceCv    | Killed a death yak
 10846 | IceCv    | Killed a death yak
 10846 | IceCv    | Identified the +10 war axe "Imiela" {freeze, rCorr Str+2
                  | Int+4 Dex-3} (Okawaru gifted it to you in an ice cave)
 10846 | IceCv    | Received a gift from Okawaru
 10898 | IceCv    | Noticed an ironbound frostheart
 10898 | IceCv    | Noticed a death yak
 10898 | IceCv    | Noticed a death yak
 10898 | IceCv    | Noticed a death yak
 10898 | IceCv    | Noticed an ironbound frostheart
 10913 | IceCv    | Killed an ironbound frostheart
 10918 | IceCv    | Killed a death yak
 10926 | IceCv    | Killed a death yak
 10936 | IceCv    | Killed a death yak
 10937 | IceCv    | Reached skill level 5 in Armour
 10957 | IceCv    | Killed an ironbound frostheart
 10957 | IceCv    | Received a gift from Okawaru
 11910 | D:12     | Killed a two-headed ogre
 12218 | D:11     | Reached skill level 17 in Axes
 12218 | D:11     | Found a staircase to the Orcish Mines.
 12369 | D:11     | Reached XP level 13. HP: 117/122 MP: 19/19
 12513 | D:11     | Noticed Erica
 12535 | D:11     | Killed Erica
 12678 | D:11     | Found a staircase to the Lair.
 12697 | D:11     | Received a gift from Okawaru
 12960 | Lair:1   | Entered Level 1 of the Lair of Beasts
 12967 | Lair:1   | Reached skill level 10 in Invocations
 13228 | Lair:1   | Received a gift from Okawaru
 13323 | Lair:1   | Reached skill level 18 in Axes
 13631 | Lair:1   | Identified a scroll of acquirement
 13632 | Lair:1   | Acquired the ring "Tokkoad" {rPois rC+ Will+ rCorr Dex-5}
 13746 | Lair:2   | Found a staircase to the Snake Pit.
 14145 | Lair:2   | Found a staircase to the Shoals.
 15295 | Lair:3   | Received a gift from Okawaru
 15314 | Lair:3   | Reached XP level 14. HP: 129/132 MP: 20/20
 16430 | Lair:4   | You are sucked into a shaft and drop 1 floor!
 16430 | Lair:5   | Entered Level 5 of the Lair of Beasts
 16439 | Lair:5   | Found a staircase to the Slime Pits.
 16439 | Lair:5   | Found a viscous altar of Jiyva.
 16467 | Lair:5   | Reached skill level 19 in Axes
 16970 | Lair:5   | Received a gift from Okawaru
 17078 | Lair:5   | Identified the +6 broad axe of Fear {freeze, Str+7 Int+2
                  | SInv Stlth+} (Okawaru gifted it to you on level 5 of the
                  | Lair of Beasts)
 17078 | Lair:5   | Received a gift from Okawaru
 17743 | Lair:5   | Found a large runed translucent door.
 17912 | Lair:5   | Found a large runed translucent door.
 17930 | Lair:5   | Identified the +2 hat of Fortification {rElec rF+} (Okawaru
                  | gifted it to you on level 5 of the Lair of Beasts)
 17930 | Lair:5   | Received a gift from Okawaru
 18229 | Lair:5   | Reached skill level 15 in Fighting
 18741 | D:13     | Reached XP level 15. HP: 128/141 MP: 19/22
 18846 | D:13     | Reached skill level 20 in Axes
 19053 | D:13     | Identified the +6 falchion of Trauma {holy, Stlth+}
 19362 | D:14     | Identified the +0 falchion "Yleatt" {elec, rC+}
 19390 | D:14     | Found a gate to the Vaults.
 19399 | D:14     | Reached skill level 10 in Armour
 19401 | D:14     | Reached skill level 10 in Dodging
 19892 | D:14     | Identified the +8 battleaxe of the People {vorpal, Fragile
                  | Dex+5 SInv} (Okawaru gifted it to you on level 14 of the
                  | Dungeon)
 19892 | D:14     | Received a gift from Okawaru
 20494 | D:15     | Entered Level 15 of the Dungeon
 20526 | D:15     | Found a staircase to the Depths.
 20888 | D:15     | Identified the +0 buckler "Buiraclux" {rN+ Str+8 Slay+2}
                  | (Okawaru gifted it to you on level 15 of the Dungeon)
 20888 | D:15     | Received a gift from Okawaru
 21297 | D:15     | Paralysed by an ogre mage for 4 turns
 22132 | Orc:1    | Entered Level 1 of the Orcish Mines
 22389 | Orc:1    | You are sucked into a shaft and drop 1 floor!
 22389 | Orc:2    | Entered Level 2 of the Orcish Mines
 22403 | Orc:2    | Found Egeampaff's Armour Shop.
 22409 | Orc:2    | Paralysed by an ogre mage for 4 turns
 22425 | Orc:2    | Found Era Qyum's General Store.
 22433 | Orc:2    | Hit by a large rock thrown by a cyclops

Illustrated notes

Levels and vault maps discovered:
D:1:      pf_arrival_petrified_forest, layout_basic, st_stairs_1,
          nicolae_kite_square_tiling_tiny, minmay_tall_x
D:2:      layout_rooms, minmay_heptomino_w4
D:3:      wad_woods_tower, layout_basic, skrybe_limestone_x
D:4:      layout_loops_ring, nicolae_ru_great_annihilating_truth,
          minmay_temple_entry_ruins, nicolae_ossuary_entry_plus, serial_demonic,
          serial_demonic_b, serial_demonic_e, serial_demonic_f, serial_demonic_f
D:5:      layout_cave_pods, grunt_temple_overflow_diamond, serial_shops,
          nicolae_square_shop, cheibrodos_sewer_entry_sluice, uniq_sigmund
D:6:      layout_loops_ring, mainiacjoe_overflow_catwalk, elyvilon_altar_3,
          corexii_shack, uniq_blork_the_orc
D:7:      layout_basic, zin_scriptorium, serial_shops, kennysheep_little_box,
          grunt_ministairs_5, nicolae_elemental_shop, minmay_manual_mess,
          uniq_menkaure
D:8:      layout_loops_cross, riverfiend_overflow_shadow_ancestor,
          lemuel_flamethrower_2, uniq_maurice
D:9:      layout_cave_pods, mainiacjoe_overflow_small_starburst, minmay_circle_x
D:10:     layout_basic
D:11:     layout_rooms, dpeg_lair_monsters, david_orc_3, uniq_erica
D:12:     layout_grid_maze, portal_ice_cave_entry_ice_simulacra, serial_shops,
          nicolae_shop_hallway_plus, nicolae_straight_to_the_point
D:13:     layout_roguey, serial_undead, serial_undead_e, serial_undead_c,
          serial_undead_e, serial_undead_c, serial_undead_c, serial_undead_f,
          serial_undead_b, nicolae_titane
D:14:     layout_irregular_city, erik_vaults_2
D:15:     grunt_enter_depths_giant_problem, layout_stronghold,
          columned_hall_lemuel
Temple:   hellmonk_temple_two_chambers
Lair:1:   layout_misc_corridors, serial_bayou_pond_b, disabler_island,
          grunt_megastairs_2
Lair:2:   layout_loops_ring, minmay_shoals_entry_centaurs,
          guppyfry_snake_entry_garden, wad_woods_road_05,
          infiniplex_staircase_pool_2
Lair:3:   layout_regular_city, beast_lair_carwin_11
Lair:4:   layout_hall_layers, serial_bayou_lake_a
Lair:5:   cheibrodos_lair_end_hotspot, layout_loops_ring, slime_entry_1,
          infiniplex_staircase_pool
Orc:1:    layout_diamond_mine, nicolae_orc_lava_room
Orc:2:    st_orc_open, layout_caves, maelrawn_ghost_gauntlet_escape

Skill      XL: |  1  2  3  4  5  6  7  8  9 10 11 12 13 14 15 |
---------------+----------------------------------------------+-----
Axes           | 4 5 6 7 8 9 11 13 15 17 18 19 20 | 20.0
Fighting       | 3 4 5 6 7 8 9 11 12 13 14 15 16 | 16.3
Invocations    | 1 3 4 5 7 8 9 10 11 12 | 12.7
Evocations     | 1 2 3 5 |  5.0
Armour         | 2 5 7 9 11 | 11.6
Dodging        | 4 6 8 9 11 | 11.3
Throwing       | |  2.0

Action                   |  1- 3 |  4- 6 |  7- 9 | 10-12 | 13-15 || total
-------------------------+-------+-------+-------+-------+-------++-------
Melee: War axe           |    23 |       |       |       |       ||    23
       Headbutt          |    11 |    31 |    49 |    95 |   205 ||   391
       Hand axe          |    46 |   164 |   225 |   208 |       ||   643
       Punch             |     1 |     2 |     4 |    11 |     5 ||    23
       Battleaxe         |       |       |       |   191 |   580 ||   771
       Demon whip        |       |       |       |       |    10 ||    10
       Broad axe         |       |       |       |       |   170 ||   170
Throw: Throwing net      |       |     2 |     3 |     4 |       ||     9
       Javelin           |       |       |       |     1 |       ||     1
Invok: Heroism           |       |     1 |     4 |    12 |    22 ||    39
       Finesse           |       |       |       |     3 |     6 ||     9
Evoke: Wand              |       |     3 |     2 |     9 |    14 ||    28
  Use: Scroll            |     2 |     8 |     6 |     9 |    15 ||    40
       Potion            |       |       |     1 |     1 |     3 ||     5
 Stab: Sleeping          |     1 |       |     1 |       |     3 ||     5
       Invisible         |       |     1 |       |    13 |       ||    14
       Paralysed         |       |     1 |       |       |       ||     1
       Held in net/web   |       |       |     1 |     2 |       ||     3
       Distracted        |       |       |       |     1 |       ||     1
Armor: Leather armour    |    16 |     1 |       |       |       ||    17
       Scale mail        |       |    50 |    47 |       |       ||    97
       Steam dragon scal |       |       |     2 |    98 |   132 ||   232
       Skin              |       |       |     2 |       |       ||     2
Dodge: Dodged            |    46 |    89 |   101 |   251 |   602 ||  1089

Table legend: (Time is in decaauts)
 A = Elapsed time spent in this place.
 B = Non-inter-level travel time spent in this place.
 C = Inter-level travel time spent in this place.
 D = Time resting spent in this place.
 E = Time spent auto-exploring this place.
 F = Levels seen in this place.
 G = Mean time per level.
                   A        B        C        D        E       F      G
               +--------+--------+--------+--------+--------+-----+--------+
         Total |  22016 |  20926 |   1090 |    445 |  16822 |  26 |  846.8 |
       Dungeon |  14543 |  13835 |    708 |    250 |  11353 |  15 |  969.5 |
        Temple |     12 |     12 |      0 |      0 |      0 |   1 |   12.0 |
          Lair |   5301 |   4920 |    381 |    195 |   3912 |   5 | 1060.2 |
  Orcish Mines |    282 |    282 |      0 |      0 |    207 |   2 |  141.0 |
         Sewer |    113 |    113 |      0 |      0 |     77 |   1 |  113.0 |
       Ossuary |    323 |    323 |      0 |      0 |    218 |   1 |  323.0 |
      Ice Cave |   1439 |   1439 |      0 |      0 |   1054 |   1 | 1439.0 |
               +--------+--------+--------+--------+--------+-----+--------+

Top non-repeatable levels by time:
     D:7: 1620 daAuts
    D:15: 1542 daAuts
   IceCv: 1439 daAuts
  Lair:5: 1358 daAuts
    D:13: 1260 daAuts
  Lair:3: 1209 daAuts
    D:14: 1203 daAuts
  Lair:2: 1044 daAuts
     D:8: 1022 daAuts
     D:5: 1011 daAuts
  Lair:4: 999 daAuts
     D:9: 950 daAuts
     D:6: 914 daAuts
    D:12: 908 daAuts
    D:11: 842 daAuts
